 Dungeon Crawl Stone Soup version 0.30.1-9-gdf580d7c3d (webtiles) character file.

Game seed: 5755183375846215327

822 Ivernyr the Trooper (level 8, -1/65 HPs)
             Began as a Formicid Fighter on Sept 30, 2023.
             Was an Initiate of Wu Jian.
             Killed by vampiric draining
             ... invoked by a vampire
              (4 damage)
             ... on level 6 of the Dungeon.
             The game lasted 00:10:01 (5224 turns).

Ivernyr the Trooper (Formicid Fighter)              Turns: 5224, Time: 00:10:01

Health: -1/65      AC: 10    Str: 23    XL:     8   Next: 17%
Magic:  8/8        EV:  9    Int:  8    God:    Wu Jian [......]
Gold:   298        SH:  5    Dex: 13    Spells: 7/7 levels left

rFire   . . .        a - +0 flail
rCold   . . .        c - +0 buckler
rNeg    + . .        b - +0 scale mail
rPois   .            (helmet unavailable)
rElec   .            (no cloak)
rCorr   .            z - +0 pair of gloves
SInv    +            w - +0 pair of boots
Will    +....        s - amulet of the acrobat Stlth
                     g - ring of willpower
HPRegen 0.30/turn    t - ring of positive energy
MPRegen 0.11/turn

%: acrobat
@: mighty
A: permanent stasis, dig shafts and tunnels, antennae 3, four strong arms
a: Dig, Shaft Self, Renounce Religion


You were on level 6 of the Dungeon.
You worshipped Wu Jian.
Wu Jian was noncommittal.
You visited 1 branch of the dungeon, and saw 7 of its levels.

You collected 298 gold pieces.

Inventory:

Hand Weapons
 a - a +0 flail (weapon)
Armour
 b - a +0 scale mail (worn)
 c - a +0 buckler (worn)
 w - a +0 pair of boots (worn)
 z - a +0 pair of gloves (worn)
Jewellery
 g - a ring of willpower (left hand)
 s - an amulet of the acrobat (around neck)
 t - a ring of positive energy (right hand)
Wands
 y - a wand of polymorph (13)
Scrolls
 e - 3 scrolls of identify {unknown}
 i - 4 scrolls of fear {unknown}
 j - 2 scrolls of enchant weapon {unknown}
 k - a scroll of torment {unknown}
 l - 2 scrolls of poison {unknown}
 n - 6 scrolls of teleportation {unknown}
 p - 4 scrolls of magic mapping {unknown}
 q - 2 scrolls of silence {unknown}
 r - 4 scrolls of fog {unknown}
 u - a scroll of amnesia {unknown}
 x - a scroll of immolation {unknown}
 C - a scroll of vulnerability {unknown}
Potions
 d - a potion of might
 f - 4 potions of mutation {unknown}
 h - 4 potions of curing {unknown}
 m - 2 potions of brilliance {unknown}
 o - a potion of haste {unknown}
 v - a potion of degeneration {unknown}
 A - a potion of ambrosia {unknown}
 B - a potion of flight {unknown}
 D - a potion of lignification {unknown}


   Skills:
 + Level 6.3 Fighting
 + Level 5.2 Maces & Flails
 + Level 6.3 Armour
 - Level 4.0 Shields


You had 7 spell levels left.
You didn't know any spells.
Your spell library contained the following spells:

 Spells                   Type           Power      Damage    Failure   Level
 Kiss of Death            Conj/Necr      0%         2d5       77%         1
 Necrotise                Necr           0%         1d4       77%         1
 Sandblast                Erth           0%         2d4       77%         1
 Summon Small Mammal      Summ           0%         N/A       77%         1
 Passwall                 Tmut/Erth      0%         N/A       88%         2
 Call Canine Familiar     Summ           0%         N/A       98%         3
 Confusing Touch          Hex            0%         N/A       98%         3
 Hailstorm                Conj/Ice       0%         3d3       98%         3
 Stone Arrow              Conj/Erth      0%         3d7       98%         3
 Summon Guardian Golem    Hex/Summ       0%         N/A       98%         3
 Vampiric Draining        Necr           0%         2d6       98%         3
 Dispel Undead            Necr           0%         3d6       100%        4
 Ice Form                 Ice/Tmut       0%         N/A       100%        4
 Agony                    Necr           0%         N/A       100%        5
 Simulacrum               Ice/Necr       0%         N/A       100%        6


Dungeon Overview and Level Annotations

Branches:
Dungeon (7/15)             Temple (0/1) D:4

Altars:
Fedhas
Hepliaklqana
Kikubaaqudgha
Wu Jian

Shops:
D:3 *


Innate Abilities, Weirdness & Mutations

You cannot be hasted, slowed, berserked, paralysed or teleported.
You can dig through walls and to a lower floor.
You have a pair of large antennae on your head. (SInv)
Your four strong arms can wield two-handed weapons with a shield.


Message History

The vampire draws strength from your injuries!
There is a stone staircase leading up here.
The vampire hits you but does no damage.
The vampire bites you!
The vampire draws strength from your injuries!
You climb upwards.
There is a stone staircase leading down here.
You feel very mighty all of a sudden. You block the vampire's attack.
The vampire bites you.
The vampire draws strength from your injuries!
You hit the vampire.
The vampire is lightly damaged.
The vampire hits you! The vampire closely misses you. The vampire hits you.
The vampire bites you.
You barely miss the vampire.
The vampire is lightly damaged.
The vampire hits you.
* * * LOW HITPOINT WARNING * * *
The vampire bites you.
* * * LOW HITPOINT WARNING * * *
The vampire draws strength from your injuries!
You closely miss the vampire.
The vampire is lightly damaged.
The vampire hits you!
* * * LOW HITPOINT WARNING * * *
The vampire bites you.
* * * LOW HITPOINT WARNING * * *
The vampire draws strength from your injuries!
You hit the vampire.
The vampire is lightly damaged.
The vampire gestures wildly while chanting.
The vampire flickers and vanishes for a moment.
You thump the vampire!
The vampire is heavily damaged.
The vampire hits you but does no damage.
The vampire bites you but does no damage.
You closely miss the vampire.
The vampire is heavily damaged.
The vampire draws life force from you.
You die...

.....#
#.#.####...##
##...# #.#.#
##.## #...#
#.#.#####.#
#)..#
#....##.#.#
##...#
#......#..#
)....#
#.....###.#
##..##
#......#..#
....#
##>...#.#.##
##<##
##...#..@.##
##.#
#......V..##
...#
#..........#
.###
##.##.....## .#
##...#....## .#
##......#.## .#
#.......###
.########......#
...............#


You could see a vampire (invisible).

Vanquished Creatures
  A black bear (D:6)
  2 ogres (D:6)
  A sky beast (D:6)
  A centaur (D:5)
  A phantom (D:6)
  A gnoll sergeant (D:6)
  A scorpion (D:5)
  A sleepcap (D:7)
  An orc wizard (D:5)
  7 gnolls
  2 adders
  A shadow imp (D:4)
  A worm (D:2)
  2 dart slugs
  3 orcs (D:5)
  3 bats (D:1)
  2 endoplasms
  A giant cockroach (D:1)
  5 goblins
  6 hobgoblins
  5 kobolds
  7 quokkas
  3 ball pythons (D:1)
  3 frilled lizards (D:2)
  6 rats
67 creatures vanquished.

Notes
Turn   | Place    | Note
-------+----------+-------------------------------------------
     0 | D:1      | Ivernyr the Formicid Fighter began the quest for the Orb.
     0 | D:1      | Reached XP level 1. HP: 18/18 MP: 1/1
    56 | D:1      | Reached XP level 2. HP: 22/24 MP: 2/2
   232 | D:1      | You fall into a shaft and drop 1 floor!
   251 | D:2      | Reached XP level 3. HP: 30/30 MP: 3/3
   683 | D:1      | Found a faded altar of an unknown god.
  1316 | D:2      | Reached XP level 4. HP: 33/37 MP: 4/4
  1768 | D:3      | Found Ukudoren's General Store.
  1989 | D:3      | Found an ornate altar of the Wu Jian Council.
  2013 | D:3      | Found a hazy altar of Hepliaklqana.
  2037 | D:3      | Became a worshipper of the Wu Jian Council
  2211 | D:4      | Found a staircase to the Ecumenical Temple.
  2978 | D:5      | Entered Level 5 of the Dungeon
  3035 | D:5      | Reached XP level 5. HP: 26/42 MP: 5/5
  3289 | D:5      | Reached XP level 6. HP: 38/50 MP: 6/6
  3402 | D:5      | Found a blossoming altar of Fedhas.
  3405 | D:5      | Found an ancient bone altar of Kikubaaqudgha.
  3600 | D:5      | Reached skill level 5 in Fighting
  3600 | D:5      | Reached skill level 5 in Armour
  3957 | D:6      | Noticed a sky beast
  3975 | D:6      | Killed a sky beast
  3976 | D:6      | Reached XP level 7. HP: 45/56 MP: 7/7
  4621 | D:6      | Reached skill level 5 in Maces & Flails
  4621 | D:6      | Reached XP level 8. HP: 41/64 MP: 8/8
  5204 | D:7      | Noticed a vampire
  5221 | D:6      | HP: 2/65 [vampire (4)]
  5224 | D:6      | Killed from afar by a vampire

Illustrated notes

Levels and vault maps discovered:
D:1:      nicolae_arrival_memento_mori, layout_basic,
          hellmonk_ecumenical_altar_pennies_from_heaven,
          hangedman_abyss_or_decor_stabs, nicolae_figureground_sparkle
D:2:      layout_basic, chequers_serial_rivers_marsh
D:3:      layout_rooms, mainiacjoe_overflow_catwalk_spiral, serial_shops, shop,
          minmay_misc_feat_tiny, skrybe_limestone_x, minivault_11
D:4:      layout_basic, minmay_temple_entry_mini_moons, serial_bayou_ford_a
D:5:      layout_loops_ring, grunt_temple_overflow_growth_and_decay
D:6:      layout_loops_ring
D:7:      layout_loops_ring, nicolae_uskayaw_en_pointe,
          mainiacjoe_overflow_cross_hatched, gammafunk_ghost_gnarly_gnolls

Skill      XL: |  1  2  3  4  5  6  7 |
---------------+----------------------+-----
Armour         | 4 5 6 |  6.3
Fighting       | 4 5 6 |  6.3
Maces & Flails | 3 4 5 |  5.2
Shields        | |  4.0

Action                     |  1- 3 |  4- 6 |  7- 9 || total
---------------------------+-------+-------+-------++-------
  Melee: Flail             |    82 |   129 |    70 ||   281
Ability: Lunge             |       |     7 |     5 ||    12
    Use: Potion            |       |       |     1 ||     1
 Armour: Scale mail        |    44 |    47 |    25 ||   116
  Dodge: Dodged            |    39 |    82 |    24 ||   145
  Block: Buckler           |    28 |    32 |    17 ||    77
